 Dungeon Crawl Stone Soup version 0.17.2-1-ge4368a0 (webtiles) character file.

307260 TheWatcherInTheDunes the Warrior (level 20, -14/170 HPs)
             Began as a Mummy Monk on Mar 12, 2017.
             Demolished by a deep elf blademaster
             ... wielding a +0 rapier
              (16 damage)
             ... on level 2 of the Elven Halls on Mar 13, 2017.
             The game lasted 06:06:08 (154452 turns).

TheWatcherInTheDunes the Warrior (Mummy Monk)     Turns: 154452, Time: 06:06:09

Health: -14/170    AC: 11    Str: 17      XL:     20   Next: 32%
Magic:  20/20      EV: 23    Int:  9 (10) God:
Gold:   3433       SH: 20    Dex: 19 (20) Spells: 0 memorised, 19 levels left

rFire  x . .     SeeInvis .       - Unarmed
rCold  + . .     Clarity  .     (no armour)
rNeg   + + +     SustAt   .     I - +0 large shield {Shield of the Rising Star}
rPois  ∞         Gourm    .     k - +2 helmet {Mask of The Robin}
rElec  +         Spirit   .     g - +2 cloak {Skin of the Sandworm}
rCorr  .         Warding  .     H - +2 pair of gloves
rMut   .         Stasis   .     d - -4 pair of boots of Teummass {rElec MR+, For sale. Shitty boots. Never worn.} (curse)
MR     +++..                    O - amulet of faith {Gift of the Abyss}
Stlth  ++++......               s - +3 ring of protection {Thrice Blessed Jewel of Minor Embalment}
                                q - +2 ring of protection

@: extremely resistant to hostile enchantments, stealthy
A: no food or potions, fire vulnerability, cold resistance 1, negative energy
resistance 3, torment resistance, unbreathing, in touch with death 1, restore
body
a: Self-Restoration
}: 2/15 runes: barnacled, gossamer


You were on level 2 of the Elven Halls.
You were not hungry.

You visited 8 branches of the dungeon, and saw 41 of its levels.
You visited the Abyss 1 time.
You also visited: Wizlab.

You collected 4078 gold pieces.
You spent 645 gold pieces at shops.


Innate Abilities, Weirdness & Mutations

You do not eat or drink.
Your flesh is vulnerable to fire.
You are immune to poison.
Your flesh is cold resistant.
You are immune to negative energy.
You are immune to unholy pain and torment.
You can survive without breathing.
You are in touch with the powers of death.
You can restore your body by infusing magical energy.


   Skills:
 - Level 18.0 Fighting
 - Level 14.4 Dodging
 - Level 6.2 Stealth
 - Level 15.0 Shields
 + Level 17.3 Unarmed Combat


You had 19 spell levels left.
You didn't know any spells.

Inventory:

Hand Weapons
 M - a +2 quick blade of electrocution {Bounty of the Clouds}
Missiles
 w - 125 poisoned needles
 x - 38 large rocks (quivered) {=f}
Armour
 d - the cursed -4 pair of boots of Teummass (worn) {rElec MR+, For sale. Shitty boots. Never worn.}

   It insulates you from electricity.
   It affects your resistance to hostile enchantments.
   It has a curse placed upon it.
 e - a +2 pair of boots {Feet of the Coming King}
 g - a +2 cloak (worn) {Skin of the Sandworm}
 h - the +3 hat of Pondering {ponderous, MR+ MP+10 Int+5}

   It affects your intelligence (+5).
   It affects your resistance to hostile enchantments.
   It affects your magic capacity (+10).
 k - a +2 helmet (worn) {Mask of The Robin}
 m - a +0 robe {Jessica's Adorable Dress !W}
 p - a cursed +0 buckler {*CURSED* !W}
 H - a +2 pair of gloves (worn)
 I - a +0 large shield (worn) {Shield of the Rising Star}
 N - the +3 robe of Clouds {+Fly rElec, !W}

   It insulates you from electricity.
   It lets you fly.
Jewellery
 q - a +2 ring of protection (left hand)
 s - a +3 ring of protection (right hand) {Thrice Blessed Jewel of Minor Embalment}
 E - an uncursed ring of magical power {Mahou Shoujo MuMo}
 F - a +1 ring of evasion {Jewel of Evasion {Lesser}}
 J - an uncursed ring of protection from cold
 O - an amulet of faith (around neck) {Gift of the Abyss}
Scrolls
 a - 7 scrolls of random uselessness
 b - 7 scrolls of immolation {!r}
 c - 12 scrolls of remove curse
 f - 6 scrolls of amnesia
 i - 2 scrolls of blinking
 j - 8 scrolls of enchant weapon
 l - 4 scrolls of noise {!r}
 n - 3 scrolls of magic mapping
 o - 7 scrolls of recharging
 r - 5 scrolls of teleportation {@r4}
 t - 3 scrolls of fog
 u - a scroll of fear
 y - 7 scrolls of silence {!r}
 A - 2 scrolls of holy word {!r}
 C - 7 scrolls of vulnerability {!r}
 D - 8 scrolls of identify {@r1}
 G - 3 scrolls of brand weapon
 K - a scroll of torment
 L - a scroll of enchant armour
Comestibles
 v - 20 royal jellies {Mark of Royalty}
 z - 11 fruits

Dungeon Overview and Level Annotations

Branches:
Dungeon (15/15)            Temple (0/1) D:4            Lair (8/8) D:10
 Shoals (4/4) Lair:4       Spider (4/4) Lair:6        Slime (0/6) Lair:7
    Orc (4/4) D:10            Elf (3/3) Orc:3        Vaults (1/5) D:13
 Depths (2/5) D:15

Altars:
Ashenzari
Cheibriados
Dithmenos
Fedhas
Nemelex Xobeh
Okawaru
Sif Muna
Trog
Yredelemnul
Beogh
Jiyva
Lugonu

Shops:
Orc:1 [   Orc:2 %%(:   Orc:4 *:[*(   Elf:1 %   Elf:3 ?

Portals:
Hell: Depths:1
Ziggurat: Depths:1

Annotations:
D:3 Crazy Yiuf
D:10 exclusion: downstairs
D:11 Saint Roka
D:12 exclusion: downstairs
D:13 exclusion: downstairs
Lair:1 exclusions: hydra and 17 more exclusions
Lair:2 18 exclusions
Lair:6 No more Adders
Lair:7 exclusion: 3 doors
Lair:8 Must atone for sins, exclusion: 2 oklob plants
Shoals:1 exclusions: downstairs and 1 more exclusion
Shoals:2 Ilsuiw
Shoals:3 exclusion: upstairs
Shoals:4 exclusion: merfolk avatar
Spider:3 exclusion: 2 downstairs, Arachne
Spider:4 exclusion: 2 hogs, Kirke
Orc:1 Detention Dimension, exclusions: downstairs and 18 more exclusions
Orc:2 exclusion: upstairs
Orc:3 Water
Elf:3 exclusion: deep elf high priest
Depths:2 exclusions: deep troll, deep troll earth mage and 3 doors

▒▒.▒...▒.▒▒..........▒.▒▒░░,,,
▒.▒▒.>.▒▒.▒...........▒▒ ░░,,
▒▒.▒...▒%▒▒..........▒.▒▒ ░░,,
▒▒.▒▒▒.▒▒▒.............▒░░,,,
▒▒.▒.▒▒ ▒.............▒░,,,, ▒
▒▒.▒▒ ▒.........▒▒.▒▒░░,,,
▒▒▒▒ ▒▒.▒▒ ▒▒▒▒▒.▒.▒.....▒
░░,, ...▒
▒▒...▒▒▒▒...e.▒.▒.▒▒[▒▒ ░░,,
▒..▒▒▒.....▒....M.▒▒..▒.▒.▒
░░,,,
.▒.▒▒........▒.▒▒.▒.)▒▒▒..▒
░,,,░ .▒▒.............▒.▒.▒▒
▒▒)▒▒░░,,,
.▒.▒▒..>.....▒..}..▒▒ ▒▒.▒
░░,, ▒..........▒.▒▒▒▒...▒
▒.▒▒ ░▒..
....▒▒▒...▒▒..▒▒▒▒▒.▒ ▒▒▒
░░... ▒▒.▒▒ ▒▒.▒▒▒▒▒▒ ▒▒.▒
░,... ▒▒.▒ ▒...▒░ ▒..▒ ░▒...
..▒▒ ▒▒..▒ ▒..▒▒▒▒ ░....


You could see a deep elf blademaster.


Message History

You closely miss the deep elf blademaster!
The deep elf blademaster is severely wounded!
The deep elf blademaster hits you with a rapier!!!!!! * * * don't die
* * * You block the deep elf blademaster's attack!
You take 20 damage, and have 13/170 hp!
You miss the deep elf blademaster!
The deep elf blademaster is severely wounded!
The deep elf blademaster misses you!
You block the deep elf blademaster's attack!
You miss the deep elf blademaster!
The deep elf blademaster is severely wounded!
You block the deep elf blademaster's attack!
The deep elf blademaster misses you!
You pummel the deep elf blademaster like a punching bag!!!!!!
The deep elf blademaster is almost dead!
The deep elf blademaster hits you with a rapier! * * * don't die
* * * You block the deep elf blademaster's attack!
You take 4 damage, and have 10/170 hp!
You closely miss the deep elf blademaster!
The deep elf blademaster is almost dead!
The deep elf blademaster hits you with a rapier!!! * * * don't die
* * * You block the deep elf blademaster's attack!
You take 9 damage, and have 1/170 hp!
You completely miss the deep elf blademaster!
The deep elf blademaster is almost dead!
The deep elf blademaster hits you with a rapier!!! rip

Action                   |  1- 3 |  4- 6 |  7- 9 | 10-12 | 13-15 | 16-18 | 19-21 || total
-------------------------+-------+-------+-------+-------+-------+-------+-------++-------
Melee: Unarmed           |   109 |   389 |   613 |  1954 |  3226 |  4486 |  2372 || 13149
  Use: Scroll            |       |     6 |     6 |     7 |     8 |    20 |     9 ||    56
 Stab: Sleeping          |     5 |    10 |     7 |     3 |    22 |    15 |     5 ||    67
       Distracted        |     1 |       |     1 |     3 |     9 |     3 |     6 ||    23
       Held in net/web   |       |       |       |       |       |     1 |       ||     1

Vault maps used:
D:1:      matt_arrival_grand_opening
D:2:      first_bread, uniq_natasha
D:3:      kennysheep_goblin_castle, lemuel_coloured_pillars_altar,
          lemuel_zombie_altar_yredelemnul, uniq_purgy, uniq_crazy_yiuf_cottage,
          uniq_jessica
D:4:      minmay_temple_entry_fiery, minmay_misc_feat_tower
D:5:      cheibrodos_worm_habitat
D:6:      nicolae_dithmenos_shadow_blocks, uniq_eustachio
D:7:      kennysheep_crisscross
D:8:      nrook_mini_vaults, uniq_joseph
D:9:      nemelex_lonely_heart_becter
D:10:     erik_lair_dragon, orc_0_dummy
D:11:     david_nohive_1, uniq_grum
D:12:     uniq_erolcha
D:13:     david_vaults_1, uniq_snorg
D:14:     infiniplex_staircase_river, fedhas_altar_3, uniq_louise
D:15:     grunt_enter_depths_giant_problem, minmay_misc_feat_pillars
Lair:1:   cheibrodos_lair_reptile_den, lemuel_fruit_fields, uniq_sonja
Lair:3:   serial_bayou_shore_b
Lair:4:   elwin_shoals_entry_rooms, special_room
Lair:5:   wad_woods_04
Lair:6:   nicolae_spider_entry_non_spiders, portal_ice_cave_entry_dragon
Lair:7:   slime_altar_1, zaba_antful_of_joy
Lair:8:   guppyfry_lair_end_dragon, dpeg_oklob_1
Shoals:1: nicolae_shoals_circle_sea_wall
Shoals:2: nicolae_shoals_isolated_beach
Shoals:3: cheibrodos_shoals_roost, overgrown_statue
Shoals:4: nicolae_shoals_island_circles, shoals_end_simple, shoal_ilsuiw
Spider:1: nicolae_spider_circle_web
Spider:2: spiders_nest_spider_trap
Spider:3: nicolae_crawler_farm
Spider:4: grunt_spider_rune_circles, spider_trap, guppyfry_spider_mini_1,
          nicolae_spider_cling_ruins, uniq_kirke, uniq_arachne
Orc:1:    serial_shops, shop, basic_altar
Orc:2:    serial_shops, shop, shop, shop,
          nicolae_shop_competitors_out_of_business,
          nicolae_orc_sculptors_studio, bloody_trog
Orc:3:    basic_altar, nicolae_orc_pool_cavern, nicolae_orc_rockfall
Orc:4:    grunt_orc_gardens, grunt_orc_garden, grunt_orc_garden,
          grunt_orc_garden, grunt_orc_garden, serial_shops, shop
Elf:1:    eino_elf_arrival_shootout, serial_shops, shop, basic_altar,
          evilmike_minifort, spider_trap, serial_sigils_hangedman_confine,
          minivault_26, uniq_donald
Elf:3:    elf_hall, serial_shops, shop, minivault_23, minmay_elf_sorcery
Vaults:1: ontoclasm_vaults_claustrophobia, serial_ice_b, v_misc_18,
          vaults_room_glass_cross, v_alt_pattern_3, v_alt_pattern_6,
          vaults_dpeg_encased_lava, v_pattern_2, mu_enter_wizlab_6
Depths:1: enter_ziggurat_e, hell_entry, minmay_misc_feat_chi, tgw_lugonu_bribe,
          firewood_loft, grunt_megastairs_2, uniq_saint_roka
Depths:2: kennysheep_cluttered_fort, special_room, pf_coc_iceberg,
          ashenzari_altar_1, kennysheep_dice
Abyss:1:  patterned_corridor
WizLab:   wizlab_cloud

Notes
Turn   | Place    | Note
--------------------------------------------------------------
     0 | D:1      | TheWatcherInTheDunes the Mummy Monk began the quest for the Orb.
     0 | D:1      | Reached XP level 1. HP: 18/18 MP: 1/1
   656 | D:1      | Reached XP level 2. HP: 24/24 MP: 2/2
  1555 | D:2      | Noticed Natasha
  1569 | D:2      | Killed Natasha
  1569 | D:2      | Reached skill level 4 in Unarmed Combat
  1569 | D:2      | Reached XP level 3. HP: 27/29 MP: 3/3
  1627 | D:2      | Noticed Natasha
  1638 | D:2      | Killed Natasha
  1668 | D:2      | Noticed Natasha
  1692 | D:2      | Killed Natasha
  2270 | D:2      | Reached XP level 4. HP: 35/35 MP: 4/4
  2837 | D:2      | Reached skill level 5 in Unarmed Combat
  3525 | D:3      | Reached XP level 5. HP: 31/41 MP: 5/5
  3638 | D:3      | Noticed Purgy
  4139 | D:3      | Reached skill level 4 in Fighting
  4348 | D:3      | Noticed Robin
  4476 | D:3      | Killed Robin
  4489 | D:3      | aw yiss
  4685 | D:1      | HP: 3/43 [Purgy (8)]
  4690 | D:1      | oh
  5057 | D:3      | Found an iron altar of Okawaru.
  5208 | D:3      | Noticed Jessica
  5219 | D:3      | Killed Jessica
  5240 | D:3      | Found a basalt altar of Yredelemnul.
  5408 | D:3      | Noticed Crazy Yiuf
  5627 | D:4      | Reached skill level 5 in Fighting
  5664 | D:4      | Reached XP level 6. HP: 51/51 MP: 6/6
  5985 | D:4      | Reached skill level 3 in Dodging
  6307 | D:4      | Noticed an ogre
  6417 | D:4      | Noticed an ogre
  6521 | D:4      | Found a staircase to the Ecumenical Temple.
  6638 | D:5      | Entered Level 5 of the Dungeon
  6953 | D:5      | Reached skill level 4 in Dodging
  7152 | D:5      | Found a snail-covered altar of Cheibriados.
  7446 | D:5      | Reached XP level 7. HP: 48/56 MP: 7/7
  8222 | D:4      | Killed an ogre
  8222 | D:4      | Reached skill level 6 in Fighting
  8888 | D:3      | Killed an ogre
  9103 | D:1      | Killed Purgy
  9103 | D:1      | Reached skill level 7 in Fighting
  9103 | D:1      | Reached XP level 8. HP: 61/67 MP: 8/8
  9602 | D:6      | Found a shadowy altar of Dithmenos.
  9772 | D:6      | Reached skill level 6 in Unarmed Combat
 10044 | D:6      | Reached skill level 8 in Fighting
 10095 | D:6      | Noticed Eustachio
 10178 | D:5      | Killed Eustachio
 10466 | D:6      | Reached skill level 9 in Fighting
 10710 | D:6      | Reached XP level 9. HP: 47/76 MP: 9/9
 11315 | D:6      | Reached skill level 7 in Unarmed Combat
 12390 | D:7      | Reached skill level 8 in Unarmed Combat
 12692 | D:7      | Reached skill level 5 in Dodging
 13319 | D:8      | Reached skill level 6 in Dodging
 13699 | D:8      | Reached skill level 7 in Dodging
 13699 | D:8      | Reached XP level 10. HP: 83/83 MP: 10/10
 13768 | D:8      | Noticed Joseph
 14855 | D:6      | HP: 4/83 [Joseph/uncursed quarterstaff (17)]
 15780 | D:9      | Found a sparkling altar of Nemelex Xobeh.
 15907 | D:9      | Reached skill level 10 in Fighting
 16462 | D:9      | Reached skill level 8 in Dodging
 16941 | D:9      | Noticed a hill giant
 17110 | D:10     | Entered Level 10 of the Dungeon
 17110 | D:10     | Found a staircase to the Orcish Mines.
 17152 | D:10     | Noticed a centaur warrior
 17830 | D:7      | Reached skill level 9 in Unarmed Combat
 25517 | D:1      | Noticed a cyclops
 25518 | D:1      | hmm yes
 26011 | D:1      | Killed a cyclops
 26218 | D:1      | oh
 29295 | D:2      | Noticed an ogre mage
 29466 | D:6      | Killed Joseph
 29466 | D:6      | Reached XP level 11. HP: 47/90 MP: 11/11
 30760 | D:10     | oh no
 30781 | D:10     | Reached skill level 10 in Unarmed Combat
 30783 | D:10     | HP: 2/90 [centaur warrior/arrow (26)]
 30788 | D:9      | yes
 31709 | D:10     | Killed a centaur warrior
 33005 | D:8      | Killed a hill giant
 33005 | D:8      | Reached skill level 9 in Dodging
 33142 | Orc:1    | Entered Level 1 of the Orcish Mines
 33309 | Orc:1    | Found Baaqopos's Armour Shoppe.
 33311 | Orc:1    | Found a roughly hewn altar of Beogh.
 35139 | Orc:3    | Found a staircase to the Elven Halls.
 35341 | D:9      | Reached skill level 11 in Fighting
 36111 | Orc:3    | Found a roughly hewn altar of Beogh.
 36470 | Orc:2    | Found Nethreesch's Food Shop.
 36514 | Orc:2    | Found Favvexawoi's Book Boutique.
 36535 | Orc:2    | Found a bloodstained altar of Trog.
 36537 | Orc:2    | Found Lobruy's Weapon Shoppe.
 36774 | Orc:4    | Entered Level 4 of the Orcish Mines
 36816 | Orc:4    | Found Gopyuwasche's Antique Weapon Boutique.
 36821 | Orc:4    | Found Isoepp's Assorted Antiques.
 36843 | Orc:4    | Bought a scroll labeled GEYDENTIFIA for 22 gold pieces
 36846 | Orc:4    | Bought a scroll of identify for 44 gold pieces
 36873 | Orc:4    | Noticed an orc warlord
 37422 | Orc:2    | interesting
 37422 | Orc:2    | I fucked up
 37424 | Orc:3    | oh no
 37698 | Orc:2    | Reached skill level 11 in Unarmed Combat
 38770 | Orc:3    | Noticed an ettin
 38771 | Orc:3    | oh
 39719 | D:10     | Reached XP level 12. HP: 87/100 MP: 12/12
 40971 | D:11     | I KNEW IT
 40973 | D:11     | oh
 41988 | D:11     | Reached skill level 12 in Fighting
 42161 | D:11     | neat
 42511 | D:11     | HP: 8/102 [something (3)]
 42512 | D:11     | oh
 42986 | D:10     | Reached skill level 10 in Dodging
 43818 | D:11     | Killed an unseen horror
 44019 | D:11     | Killed an unseen horror
 44336 | D:11     | oh come on enough already
 44341 | D:11     | Killed an unseen horror
 44505 | D:11     | Reached skill level 11 in Dodging
 44697 | D:10     | Found a staircase to the Lair.
 44702 | Lair:1   | Entered Level 1 of the Lair of Beasts
 44780 | Lair:1   | Noticed Sonja
 44817 | Lair:1   | Killed Sonja
 45321 | Lair:1   | Reached skill level 13 in Fighting
 46978 | Lair:2   | Reached skill level 2 in Stealth
 47276 | Lair:2   | Gained mutation: You are in touch with the powers of death. [Mummy growth]
 47276 | Lair:2   | Gained mutation: You can restore your body by infusing magical energy. [Mummy growth]
 47276 | Lair:2   | Reached XP level 13. HP: 100/111 MP: 13/13
 47614 | Lair:2   | Reached skill level 3 in Stealth
 48339 | Lair:3   | that's kinda empty for lair
 48942 | Lair:3   | Reached skill level 4 in Stealth
 49669 | Lair:3   | Reached skill level 5 in Stealth
 50706 | Lair:4   | Reached skill level 6 in Stealth
 51191 | Lair:4   | SHOALS
 51191 | Lair:4   | THANK YOU
 53482 | Lair:4   | Found a staircase to the Shoals.
 55892 | Lair:4   | Reached skill level 12 in Unarmed Combat
 59194 | Lair:6   | Found a hole to the Spider Nest.
 59197 | Lair:6   | spider a shit
 59485 | Lair:1   | Reached skill level 14 in Fighting
 60131 | D:12     | Noticed an eight-headed hydra
 60709 | D:12     | Noticed Erolcha
 60863 | D:12     | Reached XP level 14. HP: 115/120 MP: 14/14
 61855 | D:12     | Killed Erolcha
 62595 | D:13     | Noticed Snorg
 64384 | D:13     | Found a gate to the Vaults.
 64891 | D:13     | oh come on
 64905 | D:12     | HP: 11/120 [something (23)]
 65291 | D:12     | Reached skill level 13 in Unarmed Combat
 65981 | D:14     | Reached skill level 12 in Dodging
 66272 | D:14     | Found a blossoming altar of Fedhas.
 67256 | D:14     | Noticed Louise
 67920 | D:15     | Entered Level 15 of the Dungeon
 68057 | D:15     | Found a staircase to the Depths.
 68057 | D:15     | Noticed a fire giant
 68059 | D:15     | as if I needed to know that depths is not available at the moment
 68996 | D:15     | Reached skill level 15 in Fighting
 69672 | Orc:2    | FUCKL
 72365 | Orc:2    | Found Ownuod's Food Shoppe.
 72377 | Orc:2    | oh wow
 73115 | Orc:4    | Noticed an orc high priest
 73116 | Orc:4    | Found Gidoutte's Book Emporium.
 73117 | Orc:4    | Noticed an orc high priest
 73118 | Orc:4    | Noticed an orc high priest
 73205 | Orc:3    | Killed an orc high priest
 73288 | Orc:3    | Killed an orc high priest
 73288 | Orc:3    | Reached XP level 15. HP: 81/129 MP: 15/15
 73504 | Orc:3    | Killed an orc warlord
 73660 | Orc:3    | yes
 73779 | Orc:3    | Killed an orc high priest
 74206 | Orc:4    | Found Tuxoal's Antique Armour Shop.
 74222 | Orc:4    | Noticed an orc high priest
 74497 | Orc:4    | what
 74497 | Orc:4    | it said 5
 74497 | Orc:4    | IT SAID 5
 74503 | Orc:3    | am I going nuts already
 75679 | Orc:3    | Killed an orc high priest
 75787 | Orc:4    | Bought a pair of glowing gloves for 126 gold pieces
 75787 | Orc:4    | Bought a large shield for 126 gold pieces
 75787 | Orc:4    | I'LL TAKE IT
 75787 | Orc:4    | BY GOD I'LL TAKE IT
 75886 | Orc:3    | Reached skill level 14 in Unarmed Combat
 76067 | Orc:4    | Found Iwoss's General Store.
 76075 | Orc:4    | Bought a scroll of holy word for 97 gold pieces
 76324 | Orc:1    | Reached skill level 1 in Shields
 76706 | D:1      | Noticed a griffon
 76729 | D:1      | Killed a griffon
 77029 | D:1      | Noticed a hill giant
 77049 | D:1      | Killed a hill giant
 77735 | D:2      | Reached skill level 2 in Shields
 77789 | D:2      | Killed an ogre mage
 77866 | D:2      | Reached skill level 3 in Shields
 82363 | D:3      | Found a basalt altar of Yredelemnul.
 82821 | D:3      | Found an iron altar of Okawaru.
 83269 | D:3      | I FEAR NO LIZARD
 83974 | Lair:2   | Reached skill level 4 in Shields
 84871 | Lair:4   | Reached skill level 5 in Shields
 86199 | Lair:5   | Reached skill level 6 in Shields
 87213 | Lair:7   | Found a viscous altar of Jiyva.
 87213 | Lair:7   | Found a staircase to the Slime Pits.
 87748 | Lair:7   | Reached skill level 7 in Shields
 87770 | Lair:7   | AAAAAAAAAAAAAAAAAAAAAAAAAAAAAAAAAAAAAAAAAAAAAAAAAAAAAAAAAAAAAA
 87770 | Lair:7   | when
 87770 | Lair:7   | WHEN
 87777 | Lair:7   | UNWORTHY
 87777 | Lair:7   | UNWORTHY
 87778 | Lair:7   | no but seriously how did I put that on without even noticing
 87784 | Lair:7   | Gee I hope I don't win
 87809 | Lair:7   | that'd be akward
 88217 | Lair:8   | Entered Level 8 of the Lair of Beasts
 89188 | Lair:8   | Reached skill level 8 in Shields
 90876 | Lair:8   | Reached XP level 16. HP: 67/136 MP: 16/16
 91709 | Lair:8   | Reached skill level 9 in Shields
 92450 | Lair:8   | why did I even
 94372 | D:9      | Killed an ettin
 94707 | D:11     | Noticed Grum
 94713 | D:11     | Killed Grum
 94811 | D:11     | Killed an eight-headed hydra
 95499 | D:13     | Killed Snorg
 95854 | D:15     | Reached skill level 10 in Shields
 96884 | Shoals:1 | Entered Level 1 of the Shoals
 98691 | Shoals:2 | Reached skill level 11 in Shields
101619 | Shoals:1 | Reached skill level 12 in Shields
104764 | Shoals:4 | Entered Level 4 of the Shoals
105005 | Shoals:3 | Reached skill level 13 in Shields
105183 | Shoals:3 | Reached XP level 17. HP: 132/142 MP: 17/17
108687 | Shoals:4 | Noticed Ilsuiw
109177 | Shoals:3 | Reached skill level 16 in Fighting
109671 | Shoals:2 | HP: 11/144 [faun/sling bullet[a satyr] (15)]
115648 | Shoals:4 | YES
115651 | Shoals:4 | Got a barnacled rune of Zot
116286 | Shoals:3 | but what if it's a manual of unarmed
116343 | Shoals:4 | Reached skill level 15 in Unarmed Combat
117577 | Vaults:1 | Entered Level 1 of the Vaults
117679 | Vaults:1 | Found a magical portal.
117687 | Vaults:1 | that's horrible
117688 | WizLab   | Entered The Chambers of Kinwech the Cloud Mage
118177 | WizLab   | Reached skill level 13 in Dodging
118180 | WizLab   | Reached XP level 18. HP: 46/151 MP: 18/18
119280 | WizLab   | Noticed Kinwech
119280 | WizLab   | god
119280 | WizLab   | DAMN
119291 | WizLab   | it's not even worth it
119351 | WizLab   | HP: 14/151 [wind drake/the air (8)]
119354 | WizLab   | Killed Kinwech the Cloud Mage
119800 | WizLab   | Got a faintly glowing quick blade
119801 | WizLab   | Identified the +8 quick blade "Otzaem" {venom, *Corrode Int+3} (You found it in a wizard's laboratory)
119917 | WizLab   | well let's die to that crab
119944 | Vaults:1 | HP: 9/151 [fire crab] (16)]
119962 | Vaults:1 | BIG STEPPY
120334 | D:13     | Well vaults is off limits
120334 | D:13     | until I grab RF
120334 | D:13     | just like depths
120890 | D:14     | Killed Louise
120893 | D:14     | you were supposed to abyss me
121963 | Elf:1    | Entered Level 1 of the Elven Halls
122233 | Elf:1    | Found Zoceedef's Food Shoppe.
122254 | Elf:1    | oh boy
122512 | Elf:1    | Found a deep blue altar of Sif Muna.
123457 | Elf:1    | You fall through a shaft!
123458 | Elf:2    | OHOHOHOHOHO
124043 | Elf:1    | oh goodness gracious
124043 | Elf:1    | mr at no price at all
124061 | Elf:2    | Reached skill level 17 in Fighting
124080 | Elf:2    | HP: 12/154 [deep elf conjurer/bolt of fire (43)]
124092 | Elf:1    | HP: 9/154 [hornet (shapeshifter) (7)]
125909 | Elf:2    | Found a runed gate.
125909 | Elf:2    | Found a runed gate.
125911 | Elf:2    | Found a runed gate.
126012 | Elf:3    | Entered Level 3 of the Elven Halls
126532 | Elf:3    | Reached skill level 14 in Shields
126970 | Elf:3    | Found Juedugh's Magic Scroll Shop.
126992 | Elf:3    | Bought a scroll of fog for 20 gold pieces
126992 | Elf:3    | Bought a scroll of vulnerability for 75 gold pieces
126992 | Elf:3    | Bought a scroll of teleportation for 30 gold pieces
126992 | Elf:3    | Bought a scroll of fear for 35 gold pieces
126992 | Elf:3    | Bought a scroll of magic mapping for 35 gold pieces
126992 | Elf:3    | Bought a scroll of fear for 35 gold pieces
127912 | Spider:1 | Entered Level 1 of the Spider Nest
131380 | Spider:1 | Reached skill level 15 in Shields
132483 | Spider:2 | Got a pair of fine boots
132484 | Spider:2 | Identified the cursed -4 pair of boots of Teummass {rElec MR+} (You found it on level 2 of the Spider Nest)
132485 | Spider:2 | fine boots
132485 | Spider:2 | purest silk
132654 | Spider:2 | Reached XP level 19. HP: 156/161 MP: 19/19
134485 | Spider:4 | Entered Level 4 of the Spider Nest
134516 | Spider:4 | CHRIST
135066 | Spider:4 | Reached skill level 16 in Unarmed Combat
135164 | Spider:4 | Noticed Arachne
135177 | Spider:3 | top
135177 | Spider:3 | tip:
135177 | Spider:3 | don't shout in Spider:4
136114 | Spider:4 | this is fine
137739 | Spider:4 | Noticed Kirke
140615 | Spider:4 | Reached skill level 18 in Fighting
141731 | Spider:4 | I SEE YOU
142711 | Spider:4 | Got a gossamer rune of Zot
142712 | Spider:4 | Who even needs sinv
144303 | Depths:1 | Entered Level 1 of the Depths
144448 | D:15     | Reached skill level 14 in Dodging
144767 | Depths:1 | Noticed Saint Roka
147057 | Depths:1 | Found a gateway to a ziggurat.
150427 | Depths:1 | Found a corrupted altar of Lugonu.
150589 | Depths:1 | Cast into the Abyss (a wizard)
150591 | Abyss:1  | Oh hey
150676 | Abyss:1  | Reached XP level 20. HP: 144/170 MP: 20/20
151608 | Abyss:1  | HP: 17/170 [profane servitor/enchanted demon whip (9)]
151701 | Depths:1 | Escaped the Abyss
152261 | Depths:2 | Found a shattered altar of Ashenzari.
152760 | Depths:1 | Found a gateway to Hell.
153384 | Elf:3    | Reached skill level 17 in Unarmed Combat
153948 | Elf:2    | HP: 17/170 [deep elf blademaster/rapier (5)]
153948 | Elf:2    | HP: 6/170 [deep elf blademaster/rapier (11)]
153951 | Elf:2    | OH COME ON NOT AGAIN
154447 | Elf:2    | HP: 13/170 [deep elf blademaster/rapier (20)]
154451 | Elf:2    | HP: 1/170 [deep elf blademaster/rapier (9)]
154452 | Elf:2    | Demolished by a deep elf blademaster

Vanquished Creatures
  A Cloud Mage (WizLab)
  A lich (D:15)
  3 deep elf sorcerers (Elf:3)
  An orc warlord (Orc:3)
  2 ghost moths (Spider:4)
  Louise (D:14)
  8 emperor scorpions
  A frost giant (D:15)
  3 very ugly things
  4 stone giants
  3 deep elf annihilators (Elf:3)
  4 ettins
  6 merfolk javelineers
  Snorg (D:13)
  A blizzard demon (Abyss:1)
  2 entropy weavers
  Erolcha (D:12)
  2 ogre magi
  6 merfolk impalers
  3 deep elf high priests (Elf:3)
  An ice dragon (Lair:6)
  19 hydras
  A rakshasa (Depths:1)
  3 merfolk avatars
  9 centaur warriors
  10 merfolk aquamancers
  2 dancing weapons (Elf:2)
  2 small abominations
  3 satyrs
  5 death yaks
  5 orc high priests (Orc:3)
  3 tengu warriors
  Sonja (Lair:1)
  19 sea snakes
  A titan skeleton (Depths:2)
  A wretched star (Abyss:1)
  9 deep elf knights
  7 deep elf summoners
  9 unseen horrors
  A death drake (shapeshifter) (Elf:2)
  A shadow dragon zombie (Abyss:1)
  A giant orange brain (Depths:1)
  37 harpies
  4 orc sorcerers
  21 ugly things
  A golden dragon skeleton (Depths:2)
  21 deep elf conjurers
  2 necromancers
  A wolf spider zombie (D:15)
  5 orc knights
  28 wolf spiders
  5 fauns
  5 wizards
  7 hill giants
  A hornet (Spider:3)
  12 cyclopes
  4 water nymphs
  22 orb spiders
  9 black mambas
  19 griffons
  5 moths of wrath
  A hornet (shapeshifter) (Elf:1)
  15 manticores
  4 centaur zombies
  Joseph (D:6)
  An ice statue (Shoals:3)
  15 sirens
  2 large abominations
  An elephant (Lair:8)
  13 spiny frogs
  A spiny frog (shapeshifter) (D:12)
  4 gargoyles
  3 torpor snails
  A yaktaur zombie (Depths:1)
  18 komodo dragons
  24 demonic crawlers
  A hellwing (Abyss:1)
  2 queen bees
  9 fire drakes
  11 yaktaurs
  A fire drake (shapeshifter) (Depths:1)
  A tengu conjurer (Depths:1)
  13 two-headed ogres
  8 deep elf priests
  33 merfolk
  17 trolls
  38 jumping spiders
  A blue devil (Abyss:1)
  A harpy zombie (D:15)
  8 wind drakes
  A harpy skeleton (D:14)
  4 boulder beetles
  A wolf spider simulacrum (D:13)
  9 blink frogs
  4 raiju (Abyss:1)
  A spriggan zombie (Depths:1)
  3 flying skulls (Abyss:1)
  37 air elementals (WizLab)
  14 trapdoor spiders
  42 redbacks
  24 deep elf magi
  6 shadows
  16 snapping turtles
  A spriggan (Lair:5)
  24 tarantellas
  An ettin skeleton (Depths:1)
  19 deep elf fighters
  A vampire (D:14)
  23 water elementals
  3 wyverns
  3 steam dragons
  11 wolves
  3 ynoxinuls (Abyss:1)
  Eustachio (D:5)
  9 basilisks
  82 yaks
  2 hungry ghosts
  A neqoxec (Abyss:1)
  Grum (D:11)
  A basilisk (shapeshifter) (Elf:2)
  18 vampire mosquitoes
  19 hippogriffs
  5 mottled dragons
  10 wargs
  14 insubstantial wisps (WizLab)
  8 porcupines
  3 wasps
  A spriggan simulacrum (Depths:2)
  27 water moccasins
  10 ice beasts
  Purgy (D:1)
  4 black bears
  57 spiders
  21 ogres
  41 orc warriors
  10 sky beasts
  4 phantoms
  2 necrophages
  26 centaurs
  A swamp drake (Lair:7)
  3 boggarts
  25 crocodiles
  31 giant frogs
  A brain worm (D:13)
  2 big kobolds
  2 wyvern skeletons
  50 killer bees
  14 scorpions
  A quasit (D:14)
  8 crimson imps
  2 electric eels
  9 hounds
  29 orc priests
  4 jellies
  3 giant frog zombies
  36 orc wizards
  8 centaur skeletons
  2 giant frog skeletons
  A gnoll shaman (D:6)
  3 iron imps (Abyss:1)
  Jessica (D:3)
  Natasha (thrice) (D:2)
  15 iguanas
  21 worker ants
  33 sheep
  A hound zombie (D:9)
  2 hound skeletons
  Robin (D:3)
  8 gnolls
  A worker ant zombie (D:6)
  20 adders
  68 river rats
  8 shadow imps
  2 oozes
  2 adder zombies
  2 adder skeletons
  2 worms
  13 giant geckos
  191 orcs
  A ball python (D:1)
  8 giant cockroaches
  2 gnoll zombies (D:3)
  31 goblins
  15 hobgoblins
  5 jackals
  13 kobolds
  7 quokkas
  15 bats
  A giant gecko skeleton (D:4)
  7 giant newts
  A jackal zombie (D:5)
  A kobold skeleton (Abyss:1)
  2 quokka zombies (D:7)
  12 rats
  A crawling corpse (Elf:3)
  9 plants
  2 tentacles (Shoals:2)
2015 creatures vanquished.

Vanquished Creatures (others)
  A wind drake (WizLab)
  2 jumping spiders
  A trapdoor spider (Spider:1)
  A redback (Spider:1)
  A warg (D:15)
  A boggart (D:14)
  2 small abominations (Abyss:1)
  59 fungi
  47 plants
  31 tentacles (Shoals:2)
  1465 tentacle segments (Shoals:2)
1611 creatures vanquished.

Grand Total: 3626 creatures vanquished
